APP
BRISTOL PIRATES @ CHICAGO (APP) CUBS
09/09/2044
 
TOP OF THE 1ST
Bristol Pirates batting - Pitching for Chicago (APP) Cubs : RHP Josh MacQueen
Pitching: RHP Josh MacQueen
Batting: RHB Perry Dominey 0-0: Ball
1-0: Called Strike
1-1: Foul Ball, location: 2F
1-2: Hit by Pitch
Batting: RHB Randy Bergman 0-0: Ball
1-0: Ball
2-0: SINGLE (Groundball, 56, EV 105.6 MPH)
Perry Dominey to second
Batting: LHB Randy Boone 0-0: SINGLE (Groundball, 4MD, EV 101.3 MPH)
Perry Dominey to third
Randy Bergman to second
Runner from 3rd tries for Home, SAFE, throw by CF to home
Batting: RHB Etsuro Hosokawa 0-0: Called Strike
0-1: Ball
1-1: Fly out, F6 (Popup, 4MD, EV 54.4 MPH)
Batting: LHB Tomohiro Yokoyama 0-0: Called Strike
0-1: Ball
Wild Pitch!
Randy Bergman to third
Randy Boone to second
1-1: Ball
2-1: Ball
3-1: Base on Balls
Batting: RHB Jaime Dubicki 0-0: Ball
1-0: Called Strike
1-1: Fielders Choice at 2nd, 3-6 (Groundball, 34S, EV 91.3 MPH)
Randy Bergman scores
Randy Boone to third
Batting: LHB Ruben Garza 0-0: Ball
1-0: Ball
2-0: Ball
3-0: Called Strike
3-1: DOUBLE (Line Drive, 89D, EV 113.1 MPH)
Randy Boone scores
Jaime Dubicki to third
Batting: RHB Andrew DeRicco 0-0: Ball
1-0: SINGLE (Flyball, 78S, EV 90.6 MPH)
Jaime Dubicki scores
Ruben Garza to third
Runner from 3rd tries for Home, SAFE, throw by LF to home
Batting: RHB Rob Colley 0-0: Called Strike
0-1: Swinging Strike
0-2: Strikes out swinging
Top of the 1st over - 5 runs, 4 hits, 0 errors, 1 left on base; Bristol 5 - Chicago (APP) 0
BOTTOM OF THE 1ST
Chicago (APP) Cubs batting - Pitching for Bristol Pirates : RHP Joe Simanton
Pitching: RHP Joe Simanton
Batting: RHB Andy Huntley 0-0: Ball
1-0: Called Strike
1-1: Ball
2-1: Ball
3-1: Called Strike
3-2: SOLO HOME RUN (Line Drive, 78XD, EV 113.1 MPH), Distance : 435 ft
Batting: RHB Leonardo Nava 0-0: Called Strike
0-1: Ground out 4-3 (Groundball, 34, EV 100.0 MPH)
Batting: RHB Tak-keung Chieu 0-0: Called Strike
0-1: Ball
1-1: Ball
2-1: Fly out, F9 (Flyball, 9D, EV 110.6 MPH)
Batting: RHB Ryan Bush 0-0: Ball
1-0: Called Strike
1-1: DOUBLE (Line Drive, 78XD, EV 107.5 MPH)
Batting: SHB Gabriel Cruz 0-0: Ball
1-0: Ball
2-0: Called Strike
2-1: Ground out 4-3 (Groundball, 4M, EV 91.9 MPH)
Bottom of the 1st over - 1 run, 2 hits, 0 errors, 1 left on base; Bristol 5 - Chicago (APP) 1
TOP OF THE 2ND
Bristol Pirates batting - Pitching for Chicago (APP) Cubs : RHP Josh MacQueen
Batting: RHB Perry Dominey 0-0: Called Strike
0-1: Called Strike
0-2: Foul Ball, location: 2F
0-2: Ball
1-2: Fly out, F8 (Flyball, 8RD, EV 90.0 MPH)
Batting: RHB Randy Bergman 0-0: Foul Ball, location: 2F
0-1: Ball
1-1: Ball
2-1: Called Strike
2-2: Foul Ball, location: 2F
2-2: Strikes out swinging
Batting: LHB Randy Boone 0-0: Swinging Strike
0-1: Ball
1-1: Ball
2-1: Foul Ball, location: 2F
2-2: Ball
3-2: Base on Balls
Batting: RHB Etsuro Hosokawa 0-0: Called Strike
0-1: Ball
Wild Pitch!
Randy Boone to second
1-1: Ball
2-1: Swinging Strike
2-2: Strikes out swinging
Top of the 2nd over - 0 runs, 0 hits, 0 errors, 1 left on base; Bristol 5 - Chicago (APP) 1
BOTTOM OF THE 2ND
Chicago (APP) Cubs batting - Pitching for Bristol Pirates : RHP Joe Simanton
Batting: LHB Mark Ingram 0-0: Ball
1-0: Foul Ball, location: 2F
1-1: Ball
2-1: Foul Ball, location: 2F
2-2: Foul Ball, location: 2F
2-2: Foul Ball, location: 2F
2-2: Foul Ball, location: 2F
2-2: DOUBLE (Flyball, 78XD, EV 103.8 MPH)
Batting: RHB Randy Schmitt 0-0: Ball
1-0: Foul Ball, location: 2F
1-1: Ground out 6-3 (Groundball, 6, EV 90.0 MPH)
Batting: RHB Han-seung Hah 0-0: Called Strike
0-1: Ball
1-1: Foul Ball, location: 2F
1-2: Foul Ball, location: 2F
1-2: Ball
2-2: Foul Ball, location: 2F
2-2: Ground out 6-3 (Groundball, 6, EV 103.8 MPH)
Batting: RHB Jake Mitchell 0-0: Called Strike
0-1: Ball
1-1: SINGLE (Groundball, 6MD, EV 105.0 MPH)
Mark Ingram to third
Runner from 3rd tries for Home, SAFE, throw by CF to home
Jake Mitchell to second
Batting: RHB Andy Huntley 0-0: Called Strike
0-1: Foul Ball, location: 2F
0-2: Ball
1-2: Ball
2-2: TRIPLE (Flyball, 89XD, EV 106.9 MPH)
Jake Mitchell scores
Batting: RHB Leonardo Nava 0-0: Ball
1-0: Ball
2-0: Ball
3-0: Called Strike
3-1: SINGLE (Line Drive, 7S, EV 105.6 MPH)
Andy Huntley scores
Batting: RHB Tak-keung Chieu 0-0: Ball
1-0: Foul Ball, location: 2F
1-1: Foul Ball, location: 2F
1-2: Foul Ball, location: 2F
1-2: Ground out 5-3 (Groundball, 56S, EV 95.0 MPH)
Bottom of the 2nd over - 3 runs, 4 hits, 0 errors, 1 left on base; Bristol 5 - Chicago (APP) 4
TOP OF THE 3RD
Bristol Pirates batting - Pitching for Chicago (APP) Cubs : RHP Josh MacQueen
Batting: LHB Tomohiro Yokoyama 0-0: Ball
1-0: Swinging Strike
1-1: Called Strike
1-2: Foul Ball, location: 2F
1-2: Ball
2-2: Foul Ball, location: 2F
2-2: Foul Ball, location: 2F
2-2: Ball
3-2: Base on Balls
Batting: RHB Jaime Dubicki 0-0: Foul Ball, location: 2F
0-1: Ball
1-1: Grounds into double play, 6-4-3 (Groundball, 6, EV 106.9 MPH)
Batting: LHB Ruben Garza 0-0: Foul Ball, location: 2F
0-1: Swinging Strike
0-2: Foul Ball, location: 2F
0-2: Strikes out swinging
Top of the 3rd over - 0 runs, 0 hits, 0 errors, 0 left on base; Bristol 5 - Chicago (APP) 4
BOTTOM OF THE 3RD
Chicago (APP) Cubs batting - Pitching for Bristol Pirates : RHP Joe Simanton
Batting: RHB Ryan Bush 0-0: Ball
1-0: Called Strike
1-1: Ball
2-1: DOUBLE (Line Drive, 89D, EV 110.6 MPH)
Batting: SHB Gabriel Cruz 0-0: Called Strike
0-1: Ball
1-1: 2-RUN HOME RUN (Flyball, 8LXD, EV 115.6 MPH), Distance : 466 ft
Pitching: LHP Phil DeCamp
Batting: LHB Mark Ingram 0-0: Called Strike
0-1: Foul Ball, location: 2F
0-2: DOUBLE (Flyball, 78XD, EV 104.4 MPH)
Batting: RHB Randy Schmitt 0-0: Ball
1-0: Called Strike
1-1: Ball
2-1: Ball
3-1: Called Strike
3-2: Strikes out swinging, 2-3 out at first.
Batting: RHB Han-seung Hah 0-0: Foul Ball, location: 2F
0-1: Ball
1-1: Ball
2-1: Foul Ball, location: 2F
2-2: Strikes out swinging
Batting: RHB Jake Mitchell 0-0: Foul Ball, location: 2F
0-1: Ball
1-1: Fly out, F7 (Flyball, 7, EV 89.4 MPH)
Bottom of the 3rd over - 2 runs, 3 hits, 0 errors, 1 left on base; Bristol 5 - Chicago (APP) 6
TOP OF THE 4TH
Bristol Pirates batting - Pitching for Chicago (APP) Cubs : RHP Josh MacQueen
Batting: RHB Andrew DeRicco 0-0: Ball
1-0: Ball
2-0: Foul Ball, location: 2F
2-1: Foul Ball, location: 2F
2-2: Strikes out swinging
Batting: RHB Rob Colley 0-0: Foul Ball, location: 2F
0-1: Ball
1-1: Called Strike
1-2: Ground out 6-3 (Groundball, 6, EV 100.6 MPH)
Batting: RHB Perry Dominey 0-0: Ground out 6-3 (Groundball, 6, EV 87.5 MPH)
Top of the 4th over - 0 runs, 0 hits, 0 errors, 0 left on base; Bristol 5 - Chicago (APP) 6
BOTTOM OF THE 4TH
Chicago (APP) Cubs batting - Pitching for Bristol Pirates : LHP Phil DeCamp
Batting: RHB Andy Huntley 0-0: Foul Ball, location: 2F
0-1: Called Strike
0-2: Ball
1-2: Foul Ball, location: 2F
1-2: Foul Ball, location: 2F
1-2: Fly out, F4 (Popup, 4S, EV 80.0 MPH)
Batting: RHB Leonardo Nava 0-0: Fly out, F5 (Popup, 5SF, EV 70.6 MPH)
Batting: RHB Tak-keung Chieu 0-0: Ball
1-0: Ball
2-0: Called Strike
2-1: Fly out, F9 (Line Drive, 9S, EV 88.1 MPH)
Bottom of the 4th over - 0 runs, 0 hits, 0 errors, 0 left on base; Bristol 5 - Chicago (APP) 6
TOP OF THE 5TH
Bristol Pirates batting - Pitching for Chicago (APP) Cubs : RHP Josh MacQueen
Pitching: RHP Dwight Bean
Batting: RHB Randy Bergman 0-0: Called Strike
0-1: Ball
1-1: Called Strike
1-2: Fly out, F9 (Line Drive, 9D, EV 94.4 MPH)
Batting: LHB Randy Boone 0-0: Ball
1-0: Ball
2-0: Called Strike
2-1: Called Strike
2-2: Ball
3-2: Foul Ball, location: 2F
3-2: DOUBLE (Line Drive, 78D, EV 103.1 MPH)
Batting: RHB Etsuro Hosokawa 0-0: Ball
1-0: Foul Ball, location: 2F
1-1: SINGLE (Groundball, 6M, EV 100.6 MPH)
Randy Boone to third
Runner from 3rd tries for Home, throw by CF and OUT! 8-2
Batting: LHB Tomohiro Yokoyama 0-0: Ball
1-0: Ball
Wild Pitch!
Etsuro Hosokawa to second
2-0: Swinging Strike
2-1: Swinging Strike
2-2: Foul Ball, location: 2F
2-2: Strikes out swinging
Top of the 5th over - 0 runs, 2 hits, 0 errors, 1 left on base; Bristol 5 - Chicago (APP) 6
BOTTOM OF THE 5TH
Chicago (APP) Cubs batting - Pitching for Bristol Pirates : LHP Phil DeCamp
Batting: RHB Ryan Bush 0-0: Called Strike
0-1: Ball
1-1: Foul Ball, location: 2F
1-2: Ball
2-2: Ground out 5-3 (Groundball, 56, EV 80.6 MPH)
Batting: SHB Gabriel Cruz 0-0: Called Strike
0-1: Ball
1-1: Ball
2-1: Swinging Strike
2-2: Foul Ball, location: 2F
2-2: SINGLE (Groundball, 6MD, EV 101.3 MPH)
Pitching: LHP Norm Silveira-Wray
Batting: LHB Mark Ingram 0-0: Ball
1-0: Swinging Strike
1-1: Foul Ball, location: 2F
1-2: Strikes out looking
Batting: RHB Randy Schmitt 0-0: Ball
1-0: Called Strike
1-1: Called Strike
1-2: Ball
2-2: Foul Ball, location: 2F
2-2: Strikes out swinging
Bottom of the 5th over - 0 runs, 1 hit, 0 errors, 1 left on base; Bristol 5 - Chicago (APP) 6
TOP OF THE 6TH
Bristol Pirates batting - Pitching for Chicago (APP) Cubs : RHP Dwight Bean
Batting: RHB Jaime Dubicki 0-0: Foul Ball, location: 2F
0-1: Ball
1-1: Ball
2-1: Ball
3-1: Foul Ball, location: 2F
3-2: Base on Balls
Batting: LHB Ruben Garza 0-0: Ball
1-0: DOUBLE (Line Drive, 9LM, EV 102.5 MPH)
Jaime Dubicki to third
Batting: RHB Andrew DeRicco 0-0: Called Strike
0-1: Ball
1-1: Swinging Strike
1-2: Foul Ball, location: 2F
1-2: Strikes out swinging
Pitching: RHP Julio Arteaga
Pinch Hitting: LHB Joe Wise 0-0: Called Strike
0-1: Ball
1-1: Swinging Strike
1-2: Ball
2-2: Ground out 3-1 (Groundball, 34S, EV 82.5 MPH)
Jaime Dubicki scores
Ruben Garza to third
Batting: RHB Perry Dominey 0-0: Ball
1-0: Called Strike
1-1: Hit by Pitch
Batting: RHB Randy Bergman 0-0: Called Strike
0-1: Ball
1-1: Foul Ball, location: 2F
1-2: Strikes out swinging
Top of the 6th over - 1 run, 1 hit, 0 errors, 2 left on base; Bristol 6 - Chicago (APP) 6
BOTTOM OF THE 6TH
Chicago (APP) Cubs batting - Pitching for Bristol Pirates : LHP Norm Silveira-Wray
Now at SS: Pete Hutton
Batting: RHB Han-seung Hah 0-0: DOUBLE (Line Drive, 78D, EV 105.6 MPH)
Batting: RHB Jake Mitchell 0-0: Ball
1-0: Ball
2-0: Ground out 4-3 (Groundball, 4, EV 103.8 MPH)
Han-seung Hah to third
Batting: RHB Andy Huntley 0-0: Foul Ball, location: 2F
0-1: Foul Ball, location: 2F
0-2: Strikes out swinging
Batting: RHB Leonardo Nava 0-0: Ball
1-0: Swinging Strike
1-1: Ball
2-1: Ball
3-1: Called Strike
3-2: DOUBLE (Groundball, 5L, EV 101.3 MPH)
Han-seung Hah scores
Batting: RHB Tak-keung Chieu 0-0: Ball
1-0: Called Strike
1-1: Ball
2-1: Foul Ball, location: 2F
2-2: Ground out 5-3 (Groundball, 56S, EV 89.4 MPH)
Bottom of the 6th over - 1 run, 2 hits, 0 errors, 1 left on base; Bristol 6 - Chicago (APP) 7
TOP OF THE 7TH
Bristol Pirates batting - Pitching for Chicago (APP) Cubs : RHP Julio Arteaga
Batting: LHB Randy Boone 0-0: Ball
1-0: Foul Ball, location: 2F
1-1: SINGLE (Groundball, 6MD, EV 106.9 MPH)
Batting: RHB Etsuro Hosokawa 0-0: Ball
Randy Boone steals 2nd base
1-0: Foul Ball, location: 2F
1-1: Ball
2-1: Ball
3-1: Base on Balls
Batting: LHB Tomohiro Yokoyama 0-0: SINGLE (Groundball, 4M, EV 101.3 MPH)
Randy Boone to third
Etsuro Hosokawa to second
Runner from 3rd tries for Home, throw by CF and OUT! 8-2
Batting: RHB Jaime Dubicki 0-0: Called Strike
0-1: Ball
1-1: Foul Ball, location: 2F
1-2: Ball
2-2: Fly out, F8 (Line Drive, 8LD, EV 88.1 MPH)
Batting: LHB Ruben Garza 0-0: Ball
1-0: Called Strike
1-1: Ball
2-1: Foul Ball, location: 2F
2-2: Ball
3-2: Foul Ball, location: 2F
3-2: Ground out 4-3 (Groundball, 34D, EV 89.4 MPH)
Top of the 7th over - 0 runs, 2 hits, 0 errors, 2 left on base; Bristol 6 - Chicago (APP) 7
BOTTOM OF THE 7TH
Chicago (APP) Cubs batting - Pitching for Bristol Pirates : LHP Norm Silveira-Wray
Pitching: RHP Ian Ferrara
Batting: RHB Ryan Bush 0-0: Called Strike
0-1: Called Strike
0-2: Strikes out swinging
Batting: SHB Gabriel Cruz 0-0: Ball
1-0: Ball
2-0: Ball
3-0: Base on Balls
Batting: LHB Mark Ingram 0-0: Ball
Gabriel Cruz steals 2nd base
1-0: Fly out, F8 (Line Drive, 8LD, EV 100.0 MPH)
Runner from 2nd tags up, SAFE at 3rd with throw by CF
Batting: RHB Randy Schmitt 0-0: Ball
1-0: Foul Ball, location: 2F
1-1: Called Strike
1-2: Strikes out looking
Bottom of the 7th over - 0 runs, 0 hits, 0 errors, 1 left on base; Bristol 6 - Chicago (APP) 7
TOP OF THE 8TH
Bristol Pirates batting - Pitching for Chicago (APP) Cubs : RHP Julio Arteaga
Pitching: LHP Neal Brody
Now at 1B: Jose Sanchez
Batting: RHB Andrew DeRicco 0-0: Called Strike
0-1: Ball
1-1: Called Strike
1-2: Strikes out swinging
Batting: RHB Pete Hutton 0-0: Swinging Strike
0-1: Swinging Strike
0-2: Ball
1-2: Strikes out swinging
Batting: RHB Perry Dominey 0-0: Ball
1-0: Foul Ball, location: 2F
1-1: Ball
2-1: Foul Ball, location: 2F
2-2: Ball
3-2: Strikes out looking
Top of the 8th over - 0 runs, 0 hits, 0 errors, 0 left on base; Bristol 6 - Chicago (APP) 7
BOTTOM OF THE 8TH
Chicago (APP) Cubs batting - Pitching for Bristol Pirates : RHP Ian Ferrara
Pitching: RHP Doug Rawson
Batting: RHB Han-seung Hah 0-0: Hit by Pitch
Batting: RHB Jake Mitchell 0-0: Called Strike
0-1: Called Strike
0-2: Ball
1-2: Ball
2-2: Foul Ball, location: 2F
2-2: Hit by Pitch
Han-seung Hah to second
Batting: RHB Andy Huntley 0-0: Ball
1-0: Called Strike
1-1: Swinging Strike
Passed Ball!
Han-seung Hah to third
Jake Mitchell to second
1-2: Hit by Pitch
Batting: RHB Leonardo Nava 0-0: Ball
1-0: Foul Ball, location: 2F
1-1: Ball
2-1: Called Strike
2-2: Ball
3-2: Base on Balls
Han-seung Hah scores
Jake Mitchell to third
Andy Huntley to second
Batting: RHB Tak-keung Chieu 0-0: Called Strike
0-1: Ball
1-1: Ball
2-1: Foul Ball, location: 2F
2-2: Ball
3-2: Foul Ball, location: 2F
3-2: SINGLE (Groundball, 56D, EV 101.3 MPH)
Jake Mitchell scores
Andy Huntley to third
Leonardo Nava to second
Runner from 3rd tries for Home, SAFE, throw by LF to home
Pitching: RHP Frank Morris
Batting: RHB Ryan Bush 0-0: Ball
Wild Pitch!
Leonardo Nava to third
Tak-keung Chieu to second
1-0: Ball
2-0: Called Strike
2-1: Foul Ball, location: 2F
2-2: SINGLE (Groundball, 56D, EV 99.4 MPH)
Leonardo Nava scores
Tak-keung Chieu to third
Batting: SHB Gabriel Cruz 0-0: Ball
1-0: Swinging Strike
1-1: Ball
2-1: Foul Ball, location: 2F
2-2: Strikes out swinging
Batting: RHB Jose Sanchez 0-0: Called Strike
0-1: Swinging Strike
0-2: Ball
1-2: Grounds into double play, 5-4-3 (Groundball, 56S, EV 79.4 MPH)
Bottom of the 8th over - 4 runs, 2 hits, 0 errors, 1 left on base; Bristol 6 - Chicago (APP) 11
TOP OF THE 9TH
Bristol Pirates batting - Pitching for Chicago (APP) Cubs : LHP Neal Brody
Batting: RHB Randy Bergman 0-0: Ball
1-0: Called Strike
1-1: Foul Ball, location: 2F
1-2: Ball
2-2: Ground out 5-3 (Groundball, 56, EV 85.6 MPH)
Batting: LHB Randy Boone 0-0: Ground out 4-3 (Groundball, 34D, EV 101.9 MPH)
Batting: RHB Etsuro Hosokawa 0-0: Ball
1-0: DOUBLE (Line Drive, 7LS, EV 92.5 MPH)
Batting: LHB Tomohiro Yokoyama 0-0: Called Strike
0-1: Ball
1-1: Called Strike
1-2: Strikes out swinging
Top of the 9th over - 0 runs, 1 hit, 0 errors, 1 left on base; Bristol 6 - Chicago (APP) 11
Thursday, March 31st , 2022 - OOTP Baseball 22.12 Build 89